 Dungeon Crawl Stone Soup version 0.31-a0-246-g8cbcc1cb85 (webtiles) character file.

Game seed: 3511835805037830710

371 qw the Shooter (level 6, -8/37 HPs)
             Began as a Gargoyle Hexslinger on July 12, 2023.
             Killed by divine providence
             ... invoked by an orc priest
              (11 damage)
             ... on level 3 of the Dungeon.
             The game lasted 00:01:29 (3284 turns).

qw the Shooter (Gargoyle Hexslinger)                Turns: 3284, Time: 00:01:29

Health: -8/37      AC: 12    Str:  7    XL:     6   Next: 71%
Magic:  7/7        EV: 12    Int: 14    God:
Gold:   13         SH:  0    Dex: 14    Spells: 6/7 levels left

rFire   . . .        d - +0 shortbow
rCold   + . .        (shield currently unavailable)
rNeg    + + .        a - +2 robe {rN+}
rPois   inf          j - +0 helmet of New Discoveries {rElec Will+ Str-4 SInv}
rElec   +            i - +1 cloak
rCorr   .            (no gloves)
SInv    +            h - +0 pair of boots
Will    +....        (no amulet)
Stlth   +            e - ring of protection from cold
HPRegen 0.26/turn    (no ring)
MPRegen 0.10/turn

%: no passive effects
@: no status effects
A: sickness immunity, AC +4, negative energy resistance 1, electricity
resistance, torment resistance 1, petrification resistance
a: no special abilities


You were on level 3 of the Dungeon.
You visited 1 branch of the dungeon, and saw 4 of its levels.
You also visited: Sewer.

You collected 143 gold pieces.
You spent 130 gold pieces at shops.


Innate Abilities, Weirdness & Mutations

You are immune to sickness and miasma.
Your stone body is resilient. (AC +4)
You are immune to poison.
You resist negative energy. (rN+)
You are resistant to electric shocks. (rElec)
You are resistant to unholy torment.
You are immune to petrification.


   Skills:
 - Level 3.0 Fighting
 + Level 5.8 Ranged Weapons
 - Level 2.4 Armour
 - Level 1.5 Dodging
 - Level 1.0 Spellcasting
 - Level 2.6 Hexes


You had 6 spell levels left.
You knew the following spells:

 Your Spells              Type           Power      Damage    Failure   Level
a - Slow                  Hex            32%        N/A       9%          1

Your spell library contained the following spells:

 Spells                   Type           Power      Damage    Failure   Level
 Inner Flame              Hex/Fire       4%         N/A       41%         3
 Portal Projectile        Hex/Tloc       8%         N/A       41%         3
 Cause Fear               Hex            4%         N/A       65%         4

Inventory:

Hand Weapons
 d - a +0 shortbow (weapon)
Armour
 a - a +2 robe of positive energy (worn)
 h - a +0 pair of boots (worn)
 i - a +1 cloak (worn)
 j - the +0 helmet of New Discoveries (worn) {rElec Will+ Str-4 SInv}
   (You took it off Robin on level 3 of the Dungeon)

   Str:       It affects your strength (-4).
   rElec:     It insulates you from electricity.
   SInv:      It lets you see invisible.
   Will:      It increases your willpower.
Jewellery
 e - a ring of protection from cold (left hand)
 l - a ring of fire
Scrolls
 m - a scroll of identify
Potions
 b - a potion of degeneration {unknown}
 c - 2 potions of mutation
 f - a potion of berserk rage {unknown}
 g - a potion of resistance {unknown}
 k - a potion of lignification {unknown}

Dungeon Overview and Level Annotations

Branches:
Dungeon (4/15)              Sewer (visited)
 Temple: D:4-7

Altars:
Zin

Shops:
D:3 *

Annotations:
D:3 1 runed translucent door, Crazy Yiuf


Message History

The orc hits you but does no damage. The orc closely misses you.
You shoot an arrow. The arrow hits the orc.
You kill the orc!
The orc barely misses you.
You shoot an arrow. The arrow hits the orc.
The orc is moderately wounded.
The orc hits you but does no damage.
You shoot an arrow. The arrow hits the orc!
You kill the orc!
You start resting.
HP restored.
Could not explore, unopened runed door.
(D) Dungeon
Where to? (* - list waypoints, Enter - D:4, ? - help)
What level of the Dungeon? (default 1, ? - help)
There is a stone staircase leading down here.
You climb downwards.
The orc priest barely misses you.
There is a stone staircase leading up here.
An orc priest is nearby!
You shoot an arrow.
The arrow completely misses the orc priest.
The orc priest mumbles some strange prayers to Beogh against you.
Beogh smites you!
3280 ||| STAIRDANCE The orc priest invokes the aid of Beogh against you.
Beogh smites you!
You climb upwards.
Level annotation: 1 runed translucent door, Crazy Yiuf
There is a stone staircase leading down here.
You shoot an arrow. The arrow barely misses the orc priest.
The orc priest miscasts a cantrip.
You shoot an arrow. The arrow hits the orc priest!
The orc priest is severely wounded.
The orc priest calls down the wrath of Beogh upon you.
Beogh smites you!
You shoot an arrow. The arrow hits the orc priest.
The orc priest is almost dead.
The orc priest mumbles some strange prayers to Beogh against you.
Beogh smites you!
You die...

#.).......##......# 77...7 #.#..
#...).....###.....# 7....7 #....
####.###.#.##..#### #....# #<...
#...#.###.#..# ###..## #.#..
#....## ##...# #....# #.#..
###...#.###.#..# #...## #.#..
.........#.....### #.### #....
###..####.####.)o# #.# ###.#
#.#####.######@# #.# #.# #.#
#.....####.# #.# #..
#.###.##.......####.### ###
###.....##....##........#########
.....##.##..#.##.####.#..........
####.......>.............########
# ######..##.............## # #
#..##....###.......###### #
#........##.............)


You could see an orc priest.

Vanquished Creatures
  A bullfrog (Sewer)
  A scorpion (D:3)
  A hound (D:3)
  Jessica (D:3)
  An orc wizard (D:4)
  Robin (D:3)
  4 adders
  3 dart slugs
  5 orcs
  10 ball pythons
  4 bats
  11 endoplasms
  8 giant cockroaches
  17 goblins
  9 hobgoblins
  6 kobolds
  9 quokkas
  13 frilled lizards
  8 rats
113 creatures vanquished.

Notes
Turn   | Place    | Note
-------+----------+-------------------------------------------
     0 | D:1      | qw the Gargoyle Hexslinger began the quest for the Orb.
     0 | D:1      | Reached XP level 1. HP: 12/12 MP: 2/2
     0 | D:1      | 0 ||| qw: Version: 0.3-a-52-g30416fa
     0 | D:1      | 0 ||| qw: Game counter: 6344
     0 | D:1      | 0 ||| qw: Melee chars always use a shield: true
     0 | D:1      | 0 ||| qw: God list: Okawaru
     0 | D:1      | 0 ||| qw: Allow faded altars: false
     0 | D:1      | 0 ||| qw: Do Orc after clearing Dungeon:15 true
     0 | D:1      | 0 ||| qw: Do second Lair branch before Depths: true
     0 | D:1      | 0 ||| qw: Lair rune preference: random
     0 | D:1      | 0 ||| qw: Goals: Normal
     0 | D:1      | 0 ||| PLANNING D:1-11
   292 | D:1      | Reached XP level 2. HP: 16/16 MP: 3/3
   358 | D:1      | Reached skill level 3 in Ranged Weapons
   570 | D:1      | Reached XP level 3. HP: 21/21 MP: 4/4
  1006 | D:1      | 1006 ||| UPGRADING to +0 pair of boots.
  1011 | D:1      | 1011 ||| UPGRADING to ring of protection from cold.
  1012 | D:1      | 1012 ||| READING scroll labelled DOIPAUPARROL.
  1013 | D:1      | 1013 ||| READING scroll labelled DEDYAZ COWNE.
  1014 | D:1      | 1014 ||| DROPPING scroll of poison.
  1656 | D:2      | Reached XP level 4. HP: 26/26 MP: 5/5
  1736 | D:2      | Reached skill level 4 in Ranged Weapons
  1899 | D:2      | 1899 ||| UPGRADING to +0 leather armour.
  1909 | D:2      | 1909 ||| DROPPING +0 robe.
  1910 | D:2      | 1910 ||| UPGRADING to +1 cloak.
  1915 | D:2      | 1915 ||| READING scroll labelled WAAKKYLOABB.
  1929 | D:3      | 1929 ||| PLANNING SEWER
  1968 | D:3      | Noticed Jessica
  1981 | D:3      | Killed Jessica
  2033 | D:3      | 2033 ||| Stepping ~*~*~tactically~*~*~ (outnumbered).
  2036 | D:3      | Identified the +0 helmet of New Discoveries {rElec Will+
                  | Str-4 SInv}
  2036 | D:3      | Noticed Robin
  2037 | D:3      | 2037 ||| Stepping ~*~*~tactically~*~*~ (outnumbered).
  2056 | D:3      | Killed Robin
  2057 | D:3      | Reached XP level 5. HP: 27/30 MP: 6/6
  2058 | D:3      | 2058 ||| FLEEEEING.
  2152 | D:3      | Found a glowing drain.
  2153 | D:3      | 2153 ||| UPGRADING to +2 robe of positive energy.
  2171 | D:3      | 2171 ||| DROPPING +0 leather armour.
  2172 | D:3      | 2172 ||| UPGRADING to +0 helmet of New Discoveries {rElec
                  | Will+ Str-4 SInv}.
  2187 | Sewer    | Entered a sewer
  2191 | Sewer    | Reached skill level 5 in Ranged Weapons
  2249 | Sewer    | 2249 ||| Stepping ~*~*~tactically~*~*~ (water).
  2259 | Sewer    | 2259 ||| Stepping ~*~*~tactically~*~*~ (water).
  2276 | Sewer    | 2276 ||| Stepping ~*~*~tactically~*~*~ (water).
  2286 | Sewer    | 2286 ||| Stepping ~*~*~tactically~*~*~ (water).
  2330 | Sewer    | 2330 ||| Stepping ~*~*~tactically~*~*~ (water).
  2361 | Sewer    | 2361 ||| Stepping ~*~*~tactically~*~*~ (water).
  2390 | Sewer    | 2390 ||| Stepping ~*~*~tactically~*~*~ (water).
  2425 | Sewer    | 2425 ||| Stepping ~*~*~tactically~*~*~ (water).
  2461 | Sewer    | 2461 ||| Stepping ~*~*~tactically~*~*~ (water).
  2475 | Sewer    | 2475 ||| Stepping ~*~*~tactically~*~*~ (water).
  2479 | Sewer    | Reached skill level 3 in Fighting
  2491 | Sewer    | 2491 ||| Stepping ~*~*~tactically~*~*~ (water).
  2540 | Sewer    | Reached XP level 6. HP: 26/37 MP: 7/7
  2596 | D:3      | 2596 ||| PLANNING D:1-11
  2695 | D:3      | 2695 ||| SWAPPING to +0 shortbow.
  2702 | D:3      | 2702 ||| DROPPING +2 sling.
  2725 | D:3      | Found Pemuewia's General Store.
  2742 | D:3      | 2742 ||| BUYING potion of mutation (104 gold).
  2742 | D:3      | Bought a potion of mutation for 104 gold pieces
  2742 | D:3      | 2742 ||| BUYING scroll of identify (26 gold).
  2742 | D:3      | Bought a scroll of identify for 26 gold pieces
  2941 | D:3      | Found a glowing silver altar of Zin.
  3039 | D:3      | Found a runed translucent door.
  3040 | D:3      | Noticed Crazy Yiuf
  3074 | D:4      | 3074 ||| FLEEEEING.
  3075 | D:4      | 3075 ||| FLEEEEING.
  3076 | D:4      | 3076 ||| STAIRDANCE
  3168 | D:4      | 3168 ||| STAIRDANCE
  3280 | D:4      | 3280 ||| STAIRDANCE
  3283 | D:3      | HP: 3/37 [orc priest/divine providence (11)]
  3284 | D:3      | Killed from afar by an orc priest

Levels and vault maps discovered:
D:1:      psy_arrival_heroes, layout_loops_corners, minmay_misc_feat_tower
D:2:      layout_basic, serial_bayou, serial_bayou_lagoon_a,
          serial_bayou_crossing, serial_bayou_lake_a, serial_bayou_shore_b,
          serial_bayou_pond_d, minmay_misc_feat_hallway, minmay_tromino_v4_c
D:3:      layout_loops_ring, mainiacjoe_overflow_alcove_1, portal_sewer_entry_a,
          serial_shops, nicolae_shop_trees, uniq_jessica,
          uniq_crazy_yiuf_cottage, uniq_robin
D:4:      layout_rooms, minmay_temple_entry_slanted, minmay_pentomino_pile,
          uniq_menkaure, uniq_eustachio, uniq_edmund

Skill      XL: |  1  2  3  4  5 |
---------------+----------------+-----
Ranged Weapons | 3 4 5 |  5.8
Fighting       | 2 3 |  3.0
Armour         | 2 |  2.4
Dodging        | |  1.5
Spellcasting   | |  1.0
Hexes          | |  2.6

Action                     |  1- 3 |  4- 6 || total
---------------------------+-------+-------++-------
   Fire: Sling             |   139 |   221 ||   360
         Shortbow          |       |    38 ||    38
    Use: Scroll            |     2 |     1 ||     3
 Armour: Robe              |    26 |    48 ||    74
         Leather armour    |       |     8 ||     8
  Dodge: Dodged            |    45 |   100 ||   145

Table legend:
 A = Non-vault XP
 B = Vault XP
 C = Vault XP percentage of total XP
 D = Non-vault monster count
 E = Vault monster count
 F = Vault count percentage of total count
                 A         B        C        D         E       F
            +---------+---------+-------+---------+---------+-------
      Total |     295 |     236 |  44.4 |      56 |      57 |  50.4
            +---------+---------+-------+---------+---------+-------
        D:1 |      40 |       0 |   0.0 |      21 |       0 |   0.0
        D:2 |      68 |       2 |   2.9 |      20 |       1 |   4.8
        D:3 |     148 |      77 |  34.2 |      12 |      17 |  58.6
        D:4 |      39 |       0 |   0.0 |       3 |       0 |   0.0
      Sewer |       0 |     157 | 100.0 |       0 |      39 | 100.0
            +---------+---------+-------+---------+---------+-------
